 Dungeon Crawl Stone Soup version 0.28-a0-60-g54b5640690 (webtiles) character file.

Game seed: 1030793368668828941

644 arson the Covert (level 7, -2/54 HPs)
             Began as a Vine Stalker Berserker on July 30, 2021.
             Was a Priest of Trog.
             Slain by a mummy (13 damage)
             ... in an ossuary.
             The game lasted 00:06:28 (3701 turns).

arson the Covert (Vine Stalker Berserker)           Turns: 3701, Time: 00:06:28

Health: -2/54      AC:  8    Str: 20    XL:     7   Next: 52%
Magic:  0/8        EV: 10    Int:  7    God:    Trog [***...]
Gold:   213        SH:  0    Dex: 15    Spells: 6/6 levels left

rFire   . . .      SeeInvis .   a - +0 falchion
rCold   . . .      Faith    .   (no shield)
rNeg    . . .      Spirit   +   m - +0 scale mail
rPois   +          Reflect  .   (no helmet)
rElec   .          Harm     .   n - +1 cloak {rPois}
rCorr   .          Rampage  .   (no gloves)
Will    .....                   (no boots)
Stlth   ..........              (no amulet)
HPRegen 1.18/turn               s - ring of flight
MPRegen 0.11/turn               (no ring)

@: berserking, flying, very quick
A: fangs 2, regeneration 1, magic shield, antimagic bite, no potion heal 2
a: Renounce Religion, Berserk, Trog's Hand


You were in an ossuary.
You worshipped Trog.
Trog was most pleased with you.
You visited 1 branch of the dungeon, and saw 4 of its levels.
You also visited: Ossuary.

You collected 213 gold pieces.

Inventory:

Hand Weapons
 a - a +0 falchion (weapon)
Armour
 b - a +0 animal skin
 m - a +0 scale mail (worn)
 n - a +1 cloak of poison resistance (worn)
Jewellery
 s - a ring of flight (left hand)
Wands
 q - a wand of iceblast (12)
Scrolls
 c - 2 scrolls of teleportation {unknown}
 e - a scroll of summoning {unknown}
 f - 2 scrolls of magic mapping {unknown}
 i - 3 scrolls of identify {unknown}
 j - a scroll of immolation
 k - a scroll of brand weapon {unknown}
 o - a scroll of enchant armour {unknown}
 p - a scroll of noise
 r - a scroll of enchant weapon {unknown}
Potions
 d - a potion of brilliance {unknown}
 g - a potion of degeneration
 h - a potion of ambrosia {unknown}
 l - a potion of curing {unknown}


   Skills:
 - Level 3.0 Fighting
 - Level 3.0 Long Blades
 - Level 1.5 Armour
 - Level 1.5 Dodging
 + Level 9.8 Stealth


You had 6 spell levels left.
You didn't know any spells.
Your spell library was empty.

Dungeon Overview and Level Annotations

Branches:
Dungeon (4/15)            Ossuary (1/1)
 Temple: D:4-7

Altars:
Dithmenos
Makhleb
Trog

Shops:
D:1 *   D:4 ![[*


Innate Abilities, Weirdness & Mutations

You have extremely sharp teeth.
Your natural rate of healing is unusually fast.
When hurt, damage is shared between your health and your magic reserves.
Your bite disrupts and absorbs the magic of your enemies.
Potions cannot restore your health.


Message History

The mummy is lightly damaged.
The mummy hits you but does no damage.
You hit the mummy. You bite the mummy. You drain its power.
The mummy is heavily damaged.
The mummy hits you! The mummy closely misses you.
You riposte.
You barely miss the mummy. Your bite misses the mummy.
The mummy is heavily damaged.
You hit the mummy.
The mummy is severely damaged.
The mummy closely misses you.
You completely miss the mummy.
The mummy is severely damaged.
The mummy hits you! x2
* * * LOW HITPOINT WARNING * * *
You are too injured to fight recklessly!
You are too injured to fight recklessly!
You are too injured to fight recklessly!
A red film seems to cover your vision as you go berserk!
You feel yourself moving faster!
You feel mighty! The mummy misses you. The mummy hits you.
* * * LOW HITPOINT WARNING * * *
You barely miss the mummy. You bite the mummy.
You destroy the mummy!
Trog accepts your kill.
You hit the mummy but do no damage. Your bite misses the mummy.
You hit the mummy. Your bite misses the mummy.
The mummy is lightly damaged.
The mummy barely misses you.
You closely miss the mummy.
The mummy is lightly damaged.
The mummy hits you but does no damage.
You slash the mummy! You bite the mummy!
You destroy the mummy!
Trog accepts your kill.
You slash the mummy! Your bite misses the mummy.
The mummy is almost destroyed.
The mummy hits you!
* * * LOW HITPOINT WARNING * * *
The mummy hits you!
You die... ##.## ?.. ##### ?M?
M?? #.# M!!

#^# #^# ###'###
#.# ##.....##
##.+
##.......###..#
#........@#.^.+
+....⌠...MM...#
#.........#...+
##.......###..#
##.....## ##.+
###'### #.# #.#
#.# ##.## !.?
#.∩.#


You could see 2 mummies.

Vanquished Creatures
  A necrophage (D:3)
  A phantom (D:4)
  A scorpion (D:4)
  A hound (D:4)
  Crazy Yiuf (D:2)
  A centaur skeleton (D:4)
  An orc priest (D:4)
  Ijyb (D:3)
  2 orc wizards
  3 mummies
  6 adders
  An ufetubus (D:4)
  4 worms
  5 dart slugs
  17 orcs
  2 ball pythons
  7 endoplasms
  5 giant cockroaches
  4 goblins
  6 hobgoblins
  5 jackals
  4 quokkas
  4 bats
  6 frilled lizards
  15 kobolds
  4 rats
108 creatures vanquished.

Vanquished Creatures (others)
  A kobold (D:3)
  15 plants (D:3)
16 creatures vanquished.

Grand Total: 124 creatures vanquished

Notes
Turn   | Place    | Note
-------+----------+-------------------------------------------
     0 | D:1      | arson the Vine Stalker Berserker began the quest for the
                  | Orb.
     0 | D:1      | Reached XP level 1. HP: 11/11 MP: 2/2
   232 | D:1      | Found Boon's Assorted Antiques.
   237 | D:1      | Reached XP level 2. HP: 5/16 MP: 3/3
   473 | D:1      | Found a faded altar of an unknown god.
   587 | D:1      | Reached skill level 1 in Stealth
  1047 | D:2      | Reached skill level 2 in Stealth
  1048 | D:2      | Reached XP level 3. HP: 20/20 MP: 4/4
  1056 | D:2      | Reached skill level 3 in Stealth
  1408 | D:2      | Reached ** piety under Trog
  1435 | D:2      | Gained mutation: Your natural rate of healing is unusually
                  | fast. [Vine Stalker growth]
  1435 | D:2      | Reached XP level 4. HP: 24/24 MP: 5/5
  1484 | D:2      | Reached skill level 4 in Stealth
  1497 | D:2      | Found a bloodstained altar of Trog.
  1678 | D:2      | Found a runed translucent door.
  1679 | D:2      | Noticed Crazy Yiuf
  2045 | D:2      | Killed Crazy Yiuf
  2046 | D:2      | Reached skill level 5 in Stealth
  2046 | D:2      | Reached XP level 5. HP: 25/28 MP: 3/6
  2286 | D:3      | Found a shadowy altar of Dithmenos.
  2317 | D:3      | Reached skill level 6 in Stealth
  2467 | D:3      | Found a burning altar of Makhleb.
  2748 | D:3      | Noticed a necrophage
  2749 | D:3      | Reached *** piety under Trog
  2772 | D:3      | Killed a necrophage
  2773 | D:3      | Reached skill level 7 in Stealth
  2773 | D:3      | Reached XP level 6. HP: 26/32 MP: 4/7
  3052 | D:3      | Noticed Ijyb
  3062 | D:3      | Killed Ijyb
  3261 | D:4      | Reached skill level 8 in Stealth
  3312 | D:4      | Found Yzoh's Antique Armour Shop.
  3349 | D:4      | Reached XP level 7. HP: 12/36 MP: 3/8
  3365 | D:4      | Reached skill level 9 in Stealth
  3387 | D:4      | Found Imnuzuvi's Antique Armour Shoppe.
  3419 | D:4      | Found Uhurgh's Distillery.
  3518 | D:4      | Found Coubliha's Assorted Antiques.
  3538 | D:4      | Found a sand-covered staircase.
  3550 | Ossuary  | Entered an ossuary
  3701 | Ossuary  | Slain by a mummy

Illustrated notes

Levels and vault maps discovered:
D:1:      lightli_arrival_farm, layout_rooms, serial_shops,
          nicolae_shop_overgrown_old_shop, basic_ecumenical_altar
D:2:      layout_basic, basic_altar, uniq_crazy_yiuf_cottage
D:3:      minmay_chambers_of_threes, layout_loops_ring, lightli_temple_of_fire,
          nicolae_dithmenos_shadow_blocks, lexackson_kobold_supper, uniq_ijyb
D:4:      layout_cave_pools, good_gods_mini_temple, nicolae_vehumet_altar_sigil,
          serial_park, serial_park_tiny_pond, serial_park_gazebo
          [serial_park_minivault_5x5_7], serial_park_tiny_pond,
          serial_park_tiny_2, serial_park_square1 [serial_park_minivault_5x5_5],
          serial_shops, shop, shop, nicolae_diamond_shop, nicolae_shop_trees,
          shop_statue, gup_ossuary_entry_pyramid,
          hangedman_abyss_or_decor_stagger
Ossuary:  ossuary_crypta

Skill      XL: |  1  2  3  4  5  6  7 |
---------------+----------------------+-----
Fighting       | 3 |  3.0
Long Blades    | 3 |  3.0
Stealth        | 2 3 5 7 8 9 |  9.8
Armour         | |  1.5
Dodging        | |  1.5

Action                   |  1- 3 |  4- 6 |  7- 9 || total
-------------------------+-------+-------+-------++-------
Melee: Falchion          |    61 |   163 |    55 ||   279
       Bite              |    21 |    51 |    22 ||    94
Invok: Berserk           |     3 |     4 |     1 ||     8
       Trog's Hand       |       |       |     2 ||     2
 Stab: Sleeping          |     1 |     7 |     1 ||     9
Armor: Animal skin       |    13 |       |       ||    13
       Scale mail        |       |    76 |    44 ||   120
Dodge: Dodged            |    56 |    89 |    45 ||   190
       Rpst.: Falchion   |    15 |    24 |    13 ||    52

Table legend: (Time is in decaauts)
 A = Elapsed time spent in this place.
 B = Non-inter-level travel time spent in this place.
 C = Inter-level travel time spent in this place.
 D = Time resting spent in this place.
 E = Time spent auto-exploring this place.
 F = Levels seen in this place.
 G = Mean time per level.
                   A        B        C        D        E       F      G
               +--------+--------+--------+--------+--------+-----+--------+
         Total |   3826 |   3665 |    161 |    990 |   1802 |   5 |  765.2 |
       Dungeon |   3676 |   3515 |    161 |    890 |   1789 |   4 |  919.0 |
       Ossuary |    150 |    150 |      0 |    100 |     13 |   1 |  150.0 |
               +--------+--------+--------+--------+--------+-----+--------+

Top non-repeatable levels by time:
     D:2: 1225 daAuts
     D:1: 1081 daAuts
     D:3: 1013 daAuts
     D:4: 356 daAuts
 Ossuary: 150 daAuts
